 Dungeon Crawl Stone Soup version 0.20.1-1-g8b1a95d (webtiles) character file.

10440 Maskull the Carver (level 11, -6/95 HPs)
             Began as a Hill Orc Fighter on Aug 23, 2017.
             Was a High Priest of Okawaru.
             Mangled by a death knight
             ... wielding a +4 morningstar
              (24 damage)
             ... on level 10 of the Dungeon.
             The game lasted 00:24:55 (11539 turns).

Maskull the Carver (Hill Orc Fighter)              Turns: 11539, Time: 00:24:56

Health: -6/95      AC: 15    Str: 24    XL:     11   Next: 62%
Magic:  12/12      EV: 13    Int:  8    God:    Okawaru [*****.]
Gold:   504        SH: 15    Dex: 25    Spells: 10/10 levels left

rFire    . . .     SeeInvis .   a - +5 long sword
rCold    + . .     Gourm    .   c - +2 shield
rNeg     . . .     Faith    .   r - +1 ring mail of Ogeuhiup {Dex+5}
rPois    +         Spirit   .   l - +2 hat of Peek-a-Boo {rPois rC+ Str+2 Dex+9}
rElec    .         Reflect  .   (no cloak)
rCorr    .         Harm     .   (no gloves)
MR       .....     Clarity  +   (no boots)
Stlth    ++........             (no amulet)
Regen    0.3/turn               d - +2 ring of protection
MPRegen  0.2/turn               q - +4 ring of protection

@: slowed, very slow
A: antennae 1, clarity
a: Heroism, Finesse, Renounce Religion


You were on level 10 of the Dungeon.
You worshipped Okawaru.
Okawaru was extremely pleased with you.
You were not hungry.

You visited 2 branches of the dungeon, and saw 12 of its levels.

You collected 504 gold pieces.

Inventory:

Hand Weapons
 a - a +5 long sword (weapon)
Armour
 b - a +0 scale mail
 c - a +2 shield (worn)
 l - the +2 hat of Peek-a-Boo (worn) {rPois rC+ Str+2 Dex+9}
   (You acquired it on level 8 of the Dungeon)

   It affects your strength (+2).
   It affects your dexterity (+9).
   It protects you from cold.
   It protects you from poison.
 r - the +1 ring mail of Ogeuhiup (worn) {Dex+5}
   (You found it on level 6 of the Dungeon)

   It affects your dexterity (+5).
Jewellery
 d - a +2 ring of protection (left hand)
 h - an uncursed ring of magical power
 q - a +4 ring of protection (right hand)
 s - an uncursed ring of protection from cold
 A - an uncursed ring of protection from fire
 E - an uncursed ring of protection from cold
Wands
 m - a wand of flame (33/48)
 u - a wand of digging (22/24)
 x - a wand of enslavement (5/24)
Scrolls
 j - a scroll of remove curse
 o - a scroll of amnesia
 y - a scroll of fear
Potions
 n - 2 potions of flight
 p - a potion of magic
Books
 B - a book of Callings

   Spells                             Type                      Level
   a - Summon Small Mammal            Summoning                    1
   b - Call Imp                       Summoning                    2
   c - Call Canine Familiar           Summoning                    3
   d - Summon Guardian Golem          Hexes/Summoning              3
   e - Summon Lightning Spire         Summoning/Air                4
   f - Summon Ice Beast               Ice/Summoning                4
Comestibles
 f - 5 bread rations
 g - 21 fruits
 k - a meat ration


   Skills:
 + Level 8.9 Fighting
 + Level 12.3 Long Blades
 + Level 7.6 Armour
 + Level 3.9 Dodging
 + Level 3.5 Stealth
 + Level 9.6 Shields
 + Level 2.0 Evocations


You had 10 spell levels left.
You didn't know any spells.

Dungeon Overview and Level Annotations

Branches:
Dungeon (11/15)            Temple (1/1) D:7
   Lair: D:8-11         Orc: D:9-12

Altars:
Cheibriados
Dithmenos
Fedhas
Gozag
Hepliaklqana
Kikubaaqudgha
Makhleb
Okawaru
Qazlal
Ru
Sif Muna
Trog
Uskayaw
Vehumet
Xom
Yredelemnul
Zin
The Shining One

Annotations:
D:9 Maurice
D:10 2 runed doors, Snorg, Urug


Innate Abilities, Weirdness & Mutations

You have a pair of small antennae on your head.
You possess an exceptional clarity of mind.


Message History

You block the wraith's attack. The wraith hits you!
* * * LOW HITPOINT WARNING * * *
The wraith drains your vigour!
You feel yourself slow down. You block the wraith's attack.
There is an escape hatch in the ceiling here.
The wraith hits you.
* * * LOW HITPOINT WARNING * * *
The wraith drains your vigour!
You feel as though you will be slow longer.
You block the wraith's attack. The skeletal warrior misses you.
A mysterious force pulls you upwards. The hatch slams shut behind you.
Level annotation: 2 runed doors, Snorg, Urug The two-headed ogre shouts in stereo!
A crimson imp and a wight come into view.
The crimson imp blinks! x2
Found a mace.
A wight comes into view. It is wielding an enchanted long sword.
You feel better.
The death knight hits you with an enchanted morningstar!!
You die...

... .. .#
###.#####
#........
#.....5..
#.W......
#@p......
#..O.....
#........
#........
#........
#.....z.)
#....z...
#........


You could see a death knight, a two-headed ogre, a wraith, 2 wights and a
crimson imp.

Vanquished Creatures
  The ghost of dxctxrx the Grappler, a journeyman DrTm of Makhleb (D:9)
  7 two-headed ogres
  A hornet (D:9)
  Prince Ribbit (D:8)
  A hippogriff (D:7)
  A wyvern (D:8)
  5 yaks (D:10)
  2 hungry ghosts (D:8)
  An acid dragon (D:10)
  An orc warrior (D:8)
  2 ice beasts (D:5)
  3 phantoms
  4 sky beasts
  3 ogres
  3 centaurs
  2 big kobolds
  5 bullfrogs
  A water moccasin zombie (D:8)
  3 scorpions
  5 wights (D:8)
  2 killer bees (D:8)
  A howler monkey (D:4)
  3 crimson imps
  A bullfrog zombie (D:5)
  A quasit (D:8)
  3 orc wizards (D:4)
  4 hounds
  2 jellies
  3 orc priests
  A bullfrog skeleton (D:7)
  Terence (D:2)
  5 worker ants
  3 iguanas
  A killer bee zombie (D:5)
  A hound zombie (D:8)
  2 hound skeletons (D:4)
  A worker ant zombie (D:7)
  4 gnolls
  8 adders
  2 shadow imps (D:7)
  An ooze (D:3)
  2 worms (D:3)
  4 dart slugs
  5 leopard geckos
  13 orcs
  3 giant cockroaches
  5 goblins
  8 hobgoblins
  15 jackals
  4 kobolds
  4 quokkas
  A ball python (D:1)
  7 bats
  5 frilled lizards
  3 quokka skeletons (D:4)
  2 quokka zombies
  6 rats
189 creatures vanquished.

Vanquished Creatures (collateral kills)
  3 gnolls (D:8)
3 creatures vanquished.

Vanquished Creatures (others)
  A hound (D:8)
  A plant (D:8)
2 creatures vanquished.

Grand Total: 194 creatures vanquished

Notes
Turn   | Place    | Note
-------+----------+-------------------------------------------
     0 | D:1      | Maskull the Hill Orc Fighter began the quest for the Orb.
     0 | D:1      | Reached XP level 1. HP: 19/19 MP: 1/1
   131 | D:1      | Reached XP level 2. HP: 27/27 MP: 2/2
   881 | D:2      | Noticed Terence
   984 | D:2      | Reached XP level 3. HP: 29/33 MP: 3/3
  1003 | D:2      | Killed Terence
  1003 | D:2      | Reached skill level 3 in Long Blades
  1025 | D:2      | Found a faded altar of an unknown god.
  1231 | D:2      | Reached XP level 4. HP: 40/40 MP: 4/4
  1404 | D:2      | Became a worshipper of Vehumet
  1404 | D:2      | Reached * piety under Vehumet
  1404 | D:2      | Offered knowledge of Shock by Vehumet.
  1605 | D:3      | Fell from the grace of Vehumet
  1906 | D:3      | Reached skill level 4 in Long Blades
  1907 | D:3      | Reached XP level 5. HP: 30/46 MP: 5/5
  2404 | D:4      | Reached skill level 1 in Dodging
  2684 | D:4      | Reached XP level 6. HP: 34/52 MP: 6/6
  2686 | D:4      | Reached skill level 5 in Long Blades
  3027 | D:4      | Reached skill level 1 in Stealth
  3238 | D:4      | Noticed a sky beast
  3254 | D:4      | Killed a sky beast
  3254 | D:4      | Reached XP level 7. HP: 60/60 MP: 7/7
  3473 | D:5      | Entered Level 5 of the Dungeon
  3481 | D:4      | Reached skill level 6 in Long Blades
  4285 | D:4      | Was forgiven by Vehumet
  4497 | D:5      | Reached skill level 5 in Fighting
  4497 | D:5      | Reached skill level 5 in Armour
  4497 | D:5      | Reached skill level 5 in Shields
  4733 | D:5      | Reached XP level 8. HP: 41/68 MP: 8/8
  5162 | D:5      | Reached skill level 7 in Long Blades
  5693 | D:6      | Got a slimy ring mail
  5704 | D:6      | Identified the +1 ring mail of Ogeuhiup {Dex+5} (You found it on level 6 of the Dungeon)
  5922 | D:6      | Reached skill level 8 in Long Blades
  6373 | D:6      | Reached XP level 9. HP: 75/75 MP: 9/9
  6705 | D:7      | Found a staircase to the Ecumenical Temple.
  6712 | Temple   | Entered the Ecumenical Temple
  6760 | Temple   | Became a worshipper of Warmaster Okawaru
  7155 | D:7      | Reached * piety under Okawaru
  7155 | D:7      | Reached skill level 9 in Long Blades
  7832 | D:8      | Noticed a two-headed ogre
  7839 | D:8      | Killed a two-headed ogre
  7839 | D:8      | Reached ** piety under Okawaru
  7839 | D:8      | Reached skill level 10 in Long Blades
  7839 | D:8      | Reached XP level 10. HP: 75/86 MP: 10/10
  7957 | D:8      | Found a blossoming altar of Fedhas.
  8007 | D:8      | Noticed Prince Ribbit
  8018 | D:8      | Killed Prince Ribbit
  8238 | D:8      | Noticed a two-headed ogre
  8248 | D:8      | HP: 1/88 [two-headed ogre/giant club (8)]
  8252 | D:8      | Gained mutation: You have a pair of small antennae on your head. [potion of mutation]
  8252 | D:8      | Gained mutation: You are dopey. (Int -2) [potion of mutation]
  8252 | D:8      | Lost mutation: You are dopey. (Int -2) [potion of mutation]
  8252 | D:8      | Gained mutation: You possess an exceptional clarity of mind. [potion of mutation]
  8799 | D:8      | Reached skill level 1 in Evocations
  8839 | D:8      | Noticed a two-headed ogre
  8850 | D:8      | Killed a two-headed ogre
  8850 | D:8      | Reached *** piety under Okawaru
  8905 | D:8      | Noticed a two-headed ogre
  8917 | D:8      | Killed a two-headed ogre
  8917 | D:8      | Reached skill level 11 in Long Blades
  9322 | D:8      | Identified a scroll of acquirement
  9323 | D:8      | Got a shimmering hat
  9329 | D:8      | Identified the +2 hat of Peek-a-Boo {rPois rC+ Str+2 Dex+9} (You acquired it on level 8 of the Dungeon)
  9439 | D:8      | Killed a two-headed ogre
  9439 | D:8      | Reached **** piety under Okawaru
  9439 | D:8      | Reached XP level 11. HP: 30/94 MP: 12/12
  9850 | D:9      | Noticed a two-headed ogre
  9857 | D:9      | Killed a two-headed ogre
 10071 | D:9      | Noticed a two-headed ogre
 10180 | D:9      | Killed a two-headed ogre
 10198 | D:9      | Noticed dxctxrx's ghost (journeyman DrTm)
 10200 | D:9      | Noticed Maurice
 10255 | D:9      | Killed dxctxrx's ghost
 10603 | D:9      | Noticed a two-headed ogre
 10616 | D:9      | Killed a two-headed ogre
 10616 | D:9      | Reached skill level 12 in Long Blades
 11100 | D:10     | Entered Level 10 of the Dungeon
 11134 | D:10     | Found a runed door.
 11134 | D:10     | Noticed an ice dragon
 11134 | D:10     | Noticed an ice dragon
 11184 | D:10     | Noticed a fire dragon
 11185 | D:10     | Noticed a fire dragon
 11186 | D:10     | Found a runed door.
 11306 | D:10     | Noticed Snorg
 11376 | D:10     | Reached ***** piety under Okawaru
 11524 | D:11     | Noticed a death knight
 11526 | D:11     | Noticed a skeletal warrior
 11533 | D:10     | Noticed Urug
 11538 | D:10     | Noticed a two-headed ogre
 11539 | D:10     | Mangled by a death knight

Skill      XL: |  1  2  3  4  5  6  7  8  9 10 11 |
---------------+----------------------------------+-----
Fighting       | 4 5 6 7 8 |  8.9
Long Blades    | 3 4 5 6 8 10 11 12 | 12.3
Armour         | 4 5 6 7 |  7.6
Dodging        | 1 2 3 |  3.9
Shields        | 4 5 6 7 8 9 |  9.6
Stealth        | 1 2 3 |  3.5
Evocations     | 1 2 |  2.0

Action                   |  1- 3 |  4- 6 |  7- 9 | 10-12 || total
-------------------------+-------+-------+-------+-------++-------
Melee: Long sword        |    74 |   118 |   250 |   299 ||   741
Invok: Renounce Religion |       |     1 |       |       ||     1
Evoke: Wand              |       |       |       |    15 ||    15
  Use: Scroll            |     8 |     5 |     8 |    12 ||    33
       Potion            |     1 |     2 |     4 |    11 ||    18
 Stab: Sleeping          |       |       |     1 |     2 ||     3
  Eat: Meat ration       |     1 |       |     3 |     2 ||     6
       Fruit             |       |     2 |     2 |     6 ||    10
       Royal jelly       |       |       |     1 |       ||     1
       Chunk             |       |       |     1 |       ||     1
Armor: Scale mail        |    39 |    48 |    46 |       ||   133
       Ring mail         |       |       |    38 |    56 ||    94
Dodge: Dodged            |    25 |    26 |    63 |    92 ||   206
Block: Shield            |    46 |    49 |   142 |   202 ||   439
       Rpst.: Long sword |     9 |    11 |    22 |    23 ||    65
